 Dungeon Crawl Stone Soup version 0.28.0-43-g3370ac3207 (webtiles) character file.

Game seed: 13153822855126424663

287 experimilk the Chopper (level 6, -3/51 HPs)
             Began as a Palentonga Fighter on Mar 18, 2022.
             Was an Initiate of Hepliaklqana.
             Slain by a black bear (10 damage)
             ... on level 4 of the Dungeon.
             The game lasted 00:06:56 (3579 turns).

experimilk the Chopper (Palentonga Fighter)         Turns: 3579, Time: 00:06:56

Health: -3/51      AC:  7    Str: 20 (21) XL:     6   Next: 8%
Magic:  6/6        EV:  7    Int:  7 (8)  God:    Hepliaklqana [......]
Gold:   105        SH:  4    Dex: 10      Spells: 5/5 levels left

rFire   . . .      SeeInvis +   a - +0 war axe
rCold   . . .      Faith    .   c - +0 buckler
rNeg    . . .      Spirit   .   b - +0 scale mail
rPois   .          Reflect  .   (no helmet)
rElec   .          Harm     .   j - +0 cloak
rCorr   .          Rampage  .   (no gloves)
Will    .....                   (no barding)
Stlth   ..........              (no amulet)
HPRegen 0.17/turn               (no ring)
MPRegen 0.10/turn               (no ring)

@: no status effects
A: large, rugged brown scales 3, see invisible, deformed body, roll 1, armoured
tail
a: Rolling Charge, Renounce Religion


You were on level 4 of the Dungeon.
You worshipped Hepliaklqana.
Hepliaklqana was noncommittal.
You visited 1 branch of the dungeon, and saw 4 of its levels.

You collected 105 gold pieces.

Inventory:

Hand Weapons
 a - a +0 war axe (weapon)
Armour
 b - a +0 scale mail (worn)
 c - a +0 buckler (worn)
 j - a +0 cloak (worn)
Jewellery
 g - an amulet of the acrobat
 k - a ring of protection from cold
 l - an amulet of magic regeneration
Wands
 i - a wand of digging (4)
Scrolls
 d - a scroll of teleportation
 f - a scroll of silence {unknown}
 h - 4 scrolls of identify {unknown}
 n - a scroll of noise {unknown}
Potions
 e - a potion of experience {unknown}
 m - a potion of degeneration


   Skills:
 + Level 3.9 Fighting
 * Level 5.9 Axes
 - Level 2.4 Armour
 - Level 2.4 Shields


You had 5 spell levels left.
You didn't know any spells.
Your spell library was empty.

Dungeon Overview and Level Annotations

Branches:
Dungeon (4/15)
 Temple: D:4-7

Altars:
Hepliaklqana
Qazlal


Innate Abilities, Weirdness & Mutations

You are completely covered in rugged brown scales. (AC +3, +7% HP)
You have supernaturally acute eyesight. (SInv)
Armour fits poorly on your strangely shaped body.
You can roll at nearby foes to attack.
You have a long armoured tail.


Message History

The black bear is heavily wounded.
The black bear bites you.
The black bear claws you but does no damage. x2
You hit the black bear.
The black bear is heavily wounded.
A kobold comes into view.
It is wielding a +0 dagger and quivering poisoned darts.
The black bear bites you.
The black bear claws you but does no damage.
The black bear claws you.
* * * LOW HITPOINT WARNING * * *
The kobold drinks a potion.
The kobold seems to speed up.
You slash the black bear!
The black bear is almost dead.
You block the black bear's attack.
The black bear claws you but does no damage.
The black bear claws you.
* * * LOW HITPOINT WARNING * * *
The black bear goes berserk!
You hit the black bear.
The black bear is almost dead.
The black bear bites you but does no damage.
The black bear claws you but does no damage.
The black bear claws you.
* * * LOW HITPOINT WARNING * * *
The kobold hits you but does no damage.
You barely miss the black bear.
The black bear is almost dead.
You slash the kobold!
You kill the kobold!
The black bear bites you but does no damage.
The black bear claws you but does no damage.
The black bear claws you.
* * * LOW HITPOINT WARNING * * *
You block the black bear's attack.
The black bear claws you but does no damage.
The black bear closely misses you.
You closely miss the black bear. You tail-slap the black bear.
The black bear is almost dead.
The black bear bites you!
You die...

..#.## ##.... ..!.(#.
....#n ......
#######...#
#.....#...#
#.########.###.#...#.
#..h@......#.........
###)...####<#####..##
#......#.†....#....
#....#.#..#........
#....#....#####....
#....####.# ....
.....# #.# ##..
##....# #.# .. #..


You could see a black bear (berserk).

Vanquished Creatures
  A necrophage (D:4)
  A hound (D:4)
  An orc priest (D:3)
  A bullfrog skeleton (D:4)
  Terence (D:2)
  3 adders (D:2)
  2 worms (D:2)
  4 orcs (D:3)
  4 bats
  3 endoplasms
  2 giant cockroaches
  A goblin (D:1)
  4 hobgoblins
  7 jackals
  8 kobolds
  2 quokkas
  4 ball pythons
  2 rats
51 creatures vanquished.

Vanquished Creatures (others)
  3 plants (D:3)
3 creatures vanquished.

Grand Total: 54 creatures vanquished

Notes
Turn   | Place    | Note
-------+----------+-------------------------------------------
     0 | D:1      | experimilk the Palentonga Fighter began the quest for the
                  | Orb.
     0 | D:1      | Reached XP level 1. HP: 19/19 MP: 1/1
   243 | D:1      | Reached XP level 2. HP: 20/25 MP: 2/2
   389 | D:1      | Reached skill level 3 in Axes
   695 | D:1      | Found a faded altar of an unknown god.
   967 | D:2      | Reached XP level 3. HP: 31/31 MP: 3/3
   978 | D:2      | Noticed Terence
   988 | D:2      | Killed Terence
   989 | D:2      | Reached skill level 4 in Axes
  1274 | D:2      | Reached XP level 4. HP: 37/37 MP: 4/4
  1292 | D:2      | Found a hazy altar of Hepliaklqana.
  1685 | D:2      | Became a worshipper of Hepliaklqana the Forgotten
  2191 | D:3      | Found a stormy altar of Qazlal.
  3104 | D:3      | Reached skill level 5 in Axes
  3141 | D:4      | Reached XP level 5. HP: 31/43 MP: 5/5
  3156 | D:4      | Noticed a necrophage
  3565 | D:4      | Killed a necrophage
  3566 | D:4      | Reached XP level 6. HP: 31/51 MP: 6/6
  3579 | D:4      | Slain by a black bear

Illustrated notes

Levels and vault maps discovered:
D:1:      minmay_arrival_pointy, layout_loops_ring,
          dreamdust_ecumenical_altar_angels_and_demons, minmay_tetromino_t4
D:2:      layout_loops_ring, basic_altar, uniq_terence
D:3:      cheibrodos_old_hovel, layout_rooms, mainiacjoe_overflow_chevrons
D:4:      layout_basic, mainiacjoe_overflow_concentric_impassable,
          lightli_ossuary_entry_decrepit_ruins, uniq_duvessa

Skill      XL: |  1  2  3  4 |
---------------+-------------+-----
Axes           | 3 4 5 |  5.9
Fighting       | |  3.9
Armour         | |  2.4
Shields        | |  2.4

Action                   |  1- 3 |  4- 6 || total
-------------------------+-------+-------++-------
Melee: War axe           |    65 |   113 ||   178
       Tailslap          |     4 |    13 ||    17
 Abil: Rolling Charge    |     2 |     4 ||     6
  Use: Potion            |     1 |     2 ||     3
       Scroll            |       |     3 ||     3
Armor: Scale mail        |    33 |    97 ||   130
Dodge: Dodged            |    20 |    40 ||    60
Block: Buckler           |    14 |    22 ||    36
